 Dungeon Crawl Stone Soup version 0.16-a0-3552-ge2e736f (webtiles) character file.

416 Minkie the Poker (level 6, -1/35 HPs)
             Began as a Gargoyle Gladiator on Jan 9, 2015.
             Killed by divine providence
             ... invoked by an orc priest
              (15 damage)
             ... on level 5 of the Dungeon.
             The game lasted 00:15:14 (3513 turns).

Minkie the Poker (Gargoyle Gladiator)               Turns: 3513, Time: 00:15:16

Health: -1/35      AC: 13    Str: 23    XL:     6   Next: 92%
Magic:  6/6        EV: 10    Int: 11    God:
Gold:   167        SH:  7    Dex: 10    Spells: 0 memorised, 5 levels left

rFire  . . .     SeeInvis .     a - +0 trident
rCold  . . .     Clarity  .     s - +0 scale mail
rNeg   + . .     SustAb   .     v - +0 shield
rPois  ∞         Gourm    +     c - +0 helmet
rElec  +         Spirit   .     (no cloak)
rCorr  .         Warding  .     (no gloves)
rMut   .         Stasis   .     l - +1 pair of boots
MR     .....                    w - amulet of the gourmand
Stlth  ..........               A - +1 ring of evasion
                                b - +2 ring of evasion

@: mighty, not resistant to hostile enchantments, extremely unstealthy
A: negative energy resistance 1, electricity resistance, unbreathing,
petrification resistance, rot immunity, AC +4
a: no special abilities


You were on level 5 of the Dungeon.
You were completely stuffed.

You visited 1 branch of the dungeon, and saw 5 of its levels.

You collected 167 gold pieces.

Inventory:

Hand weapons
 a - a +0 trident (weapon)
Missiles
 d - 3 throwing nets (quivered)
Armour
 c - a +0 helmet (worn)
 l - a +1 pair of boots (worn)
 s - a +0 scale mail (worn)
 v - a +0 shield (worn)
Jewellery
 b - a +2 ring of evasion (left hand)
 o - an uncursed ring of stealth
 w - an amulet of the gourmand (around neck)
 A - a +1 ring of evasion (right hand)
Magical devices
 y - a wand of lightning (6)
 B - a wand of draining (4)
Scrolls
 i - 2 scrolls of blinking {unknown}
 j - 2 scrolls of random uselessness {unknown}
 k - 6 scrolls of remove curse {unknown}
 m - a scroll of teleportation {unknown}
 x - a scroll of immolation {unknown}
Potions
 e - a potion of curing
 n - a potion of restore abilities
 q - a potion of might
 r - a potion of resistance
 z - 2 potions of agility
 C - a potion of berserk rage {unknown}
 E - a potion of flight {unknown}
Comestibles
 f - 4 bread rations
 g - 2 beef jerkies
 h - 3 fruits
 p - 3 royal jellies
 t - a meat ration


   Skills:
 - Level 2.1 Fighting
 + Level 6.9 Polearms
 - Level 2.0 Throwing
 - Level 2.4 Dodging


You had 5 spell levels left.
You didn't know any spells.

Dungeon Overview and Level Annotations

Branches:
Dungeon (5/15)
 Temple: D:4-7

Altars:
Trog

Annotations:
D:3 Sigmund
D:4 Prince Ribbit


Innate Abilities, Weirdness & Mutations

You are resistant to torment.
You are immune to poison.
Your stone body is very resilient (AC +4).
You resist negative energy.
You are resistant to electric shocks.
You can survive without breathing.
You are immune to petrification.
You are immune to rotting.


Message History

The orc wizard hits you but does no damage.
The orc wizard misses you.
Drink which item? (? for menu, Esc to quit)
You feel better.
The orc wizard casts a spell.
The orc wizard blinks!
The orc wizard hits you but does no damage.
Drink which item? (? for menu, Esc to quit)
You feel very mighty all of a sudden.
The orc wizard gestures at you while chanting.
The magic dart hits you! The orc wizard closely misses you.
The orc wizard hits you but does no damage.
You miss the orc wizard.
The orc wizard is moderately wounded.
The orc wizard casts a spell.
The orc wizard blinks!
The orc wizard hits you but does no damage.
The orc priest invokes the aid of Beogh against you.
Something smites you!
You die...

#........# #.......
########)# #..#....
#.# #.###.##
##.###.###.#
###.......##.# #
#.'.......# #..
#.#.......#
#...g#####.#.......#
#<..ooo@§.(#.......#
#...o########'#.#'##
#.% #....#.#.# #
#.####...#
####.#......#
#....#......#
#.#..'......####
#.#.##.....>...#
#.#.#####...##.#


You could see an orc priest, 2 orc wizards, an orc and a goblin.

Vanquished Creatures
  An orc priest (D:4)
  3 hounds
  2 orc wizards
  Natasha (D:4)
  2 worker ants
  Ijyb (D:2)
  4 adders
  A giant mite (D:3)
  3 worms
  An adder skeleton (D:5)
  An ooze (D:2)
  3 giant geckos
  10 orcs
  8 bats
  5 goblins
  7 hobgoblins
  6 jackals
  3 ball pythons
  3 giant newts
  7 kobolds
  4 quokkas
  9 rats
85 creatures vanquished.

Notes
Turn   | Place    | Note
--------------------------------------------------------------
     0 | D:1      | Minkie, the Gargoyle Gladiator, began the quest for the Orb.
     0 | D:1      | Reached XP level 1. HP: 12/12 MP: 1/1
    63 | D:1      | Reached skill level 3 in Polearms
    82 | D:1      | Reached XP level 2. HP: 11/17 MP: 2/2
   640 | D:2      | Reached XP level 3. HP: 21/21 MP: 3/3
   794 | D:2      | Noticed Ijyb
   845 | D:2      | Killed Ijyb
   845 | D:2      | Reached skill level 4 in Polearms
  1091 | D:2      | Reached XP level 4. HP: 26/26 MP: 4/4
  1640 | D:3      | Reached skill level 5 in Polearms
  1667 | D:3      | Reached XP level 5. HP: 28/30 MP: 5/5
  1954 | D:3      | Noticed Sigmund
  2511 | D:4      | Noticed Prince Ribbit
  2574 | D:4      | Reached skill level 6 in Polearms
  2574 | D:4      | Reached XP level 6. HP: 30/35 MP: 6/6
  2844 | D:4      | Noticed Natasha
  2878 | D:4      | Killed Natasha
  2894 | D:5      | Entered Level 5 of the Dungeon
  3015 | D:5      | Found a bloodstained altar of Trog.
  3513 | D:5      | Killed from afar by an orc priest

Action                   |  1- 3 |  4- 6 || total
-------------------------+-------+-------++-------
Melee: Trident           |   122 |   371 ||   493
  Use: Scroll            |       |     6 ||     6
       Potion            |       |     2 ||     2
 Stab: Confused          |       |     1 ||     1
  Eat: Chunk             |       |    19 ||    19
